 Dungeon Crawl Stone Soup version 0.25-a0-589-g1e14c549ee (webtiles) character file.

Game seed: 9134583834630639195, levelgen mode: classic

38 EnegeticOcto the Skirmisher (level 3, -1/30 HPs)
             Began as a Mummy Chaos Knight on Mar 10, 2020.
             Was a Plaything of Xom.
             Slain by a gnoll (8 damage)
             ... on level 1 of the Dungeon.
             The game lasted 00:01:11 (1485 turns).

EnegeticOcto the Skirmisher (Mummy Chaos Knight)    Turns: 1485, Time: 00:01:12

Health: -1/30      AC:  5    Str: 15    XL:     3   Next: 25%
Magic:  3/3        EV: 11    Int: 12    God:    Xom [..*...]
Gold:   89         SH:  0    Dex: 11    Spells: 2/2 levels left

rFire    x . .     SeeInvis .   e - +0 short sword (vamp)
rCold    + . .     Gourm    .   (no shield)
rNeg     + + +     Faith    .   b - +2 leather armour
rPois    ∞         Spirit   .   (no helmet)
rElec    .         Reflect  .   (no cloak)
rCorr    .         Harm     .   (no gloves)
MR       .....                  (no boots)
Stlth    +.........             (no amulet)
HPRegen  0.10/turn              (no ring)
MPRegen  0.08/turn              (no ring)

@: no status effects
A: no food or potions, fire vulnerability, cold resistance 1, negative energy
resistance 3, torment resistance, unbreathing
a: Renounce Religion


You were on level 1 of the Dungeon.
You worshipped Xom.
You were a toy of Xom.
You were not hungry.

You visited 1 branch of the dungeon, and saw 2 of its levels.

You collected 89 gold pieces.

Inventory:

Hand Weapons
 a - a +0 spear of chaos
 e - a +0 vampiric short sword (weapon)
Armour
 b - a +2 leather armour (worn)
Jewellery
 g - a +2 ring of intelligence {unknown}
Scrolls
 c - a scroll of enchant weapon {unknown}
 d - a scroll of amnesia {unknown}
 f - 2 scrolls of teleportation {unknown}
 h - 2 scrolls of immolation {unknown}


   Skills:
 + Level 4.0 Fighting
 + Level 1.0 Short Blades
 - Level 2.4 Polearms
 - Level 1.5 Armour
 - Level 0.7 Dodging


You had 2 spell levels left.
You didn't know any spells.
Your spell library was empty.

Dungeon Overview and Level Annotations

Branches:
Dungeon (2/15)

Altars:
Kikubaaqudgha


Innate Abilities, Weirdness & Mutations

You do not eat or drink.
Your flesh is vulnerable to fire.
You are immune to poison.
Your flesh is cold resistant. (rC+)
You are immune to negative energy. (rN+++)
You are immune to unholy pain and torment.
You can survive without breathing.


Message History

No target in view!
No target in view!
No target in view!
No target in view!
No target in view!
No target in view!
No target in view!
No target in view!
No target in view!
No target in view!
No target in view!
No target in view!
No target in view!
No target in view!
You see here 22 sling bullets.
You see here a ration.
Found a stone staircase leading down.
You now have 89 gold pieces (gained 6).
There is a stone staircase leading down here.
A gnoll comes into view.
The gnoll shouts!
A gnoll comes into view. It is wielding a +0 club.
A gnoll comes into view. It is wielding a +0 halberd.
A gnoll comes into view. It is wielding a +0 flail.
The gnoll shouts! x2
The gnoll hits you but does no damage.
The gnoll hits you from afar with a +0 halberd.
You hit the gnoll.
The gnoll is moderately wounded.
The gnoll misses you.
You barely miss the gnoll.
The gnoll is moderately wounded.
The gnoll completely misses you. The gnoll misses you. x2
You hit the gnoll but do no damage.
The gnoll is lightly wounded.
The gnoll closely misses you. The gnoll hits you but does no damage.
You hit the gnoll.
You feel better.
The gnoll is moderately wounded.
The gnoll hits you from afar with a +0 halberd!
The gnoll misses you.
You hit the gnoll but do no damage.
The gnoll is moderately wounded.
The gnoll closely misses you. The gnoll barely misses you.
You puncture the gnoll!
You feel better.
The gnoll is severely wounded.
The gnoll barely misses you. The gnoll hits you.
You are too injured to fight recklessly!
You are too injured to fight recklessly!
You are too injured to fight recklessly!
You are too injured to fight recklessly!
You are too injured to fight recklessly!
You are too injured to fight recklessly!
You are too injured to fight recklessly!
You are too injured to fight recklessly!
You are too injured to fight recklessly!
You are too injured to fight recklessly!
You are too injured to fight recklessly!
You are too injured to fight recklessly!
You are too injured to fight recklessly!
You are too injured to fight recklessly!
There is a stone staircase leading up here.
The gnoll hits you.
You climb upwards.
There is a stone staircase leading down here.
You are too injured to fight recklessly!
You are too injured to fight recklessly!
You are too injured to fight recklessly!
You are too injured to fight recklessly!
You are too injured to fight recklessly!
You are too injured to fight recklessly!
You are too injured to fight recklessly!
You are too injured to fight recklessly!
You are too injured to fight recklessly!
You are too injured to fight recklessly!
You are too injured to fight recklessly!
You are too injured to fight recklessly!
You barely miss the gnoll.
The gnoll is severely wounded.
The gnoll hits you but does no damage.
You closely miss the gnoll.
The gnoll is severely wounded.
The gnoll barely misses you.
You closely miss the gnoll.
The gnoll is severely wounded.
The gnoll closely misses you.
You hit the gnoll but do no damage.
The gnoll is severely wounded.
The gnoll hits you.
You hit the gnoll.
You feel better.
The gnoll is almost dead.
The gnoll hits you.
You hit the gnoll but do no damage.
The gnoll is almost dead.
The gnoll hits you.
* * * LOW HITPOINT WARNING * * *
You closely miss the gnoll.
The gnoll is almost dead.
The gnoll hits you!
You die... "I guess I need a new plaything now."

#.#.#.......)..........
#.#.#...#.##!#####.####
#####.#.##..#.#)###........
#.......##.#....# #.#######
#####.###.........#.###.#
#..........########.....#
#.##..###.################
#.##...##.#...g..#.......#
#.#...#.#.....@..'.......######
#..#.............#.⌠.⌠.⌠.##....
#.#.#.#.#.####'###.....(.##.###
#.##.......###'###.......##.#
#.##..#.#..##...###########.#
#.##..#.#..##.<.###########.#
#..........##...#...........#
####..#.##.##################
#..#.##.#


You could see a gnoll.

Vanquished Creatures
  An ooze (D:2)
  A worm (D:2)
  A leopard gecko (D:1)
  A giant cockroach (D:1)
  A goblin (D:1)
  5 hobgoblins
  5 jackals (D:1)
  5 kobolds
  A bat (D:2)
  3 frilled lizards
  5 rats
29 creatures vanquished.

Notes
Turn   | Place    | Note
-------+----------+-------------------------------------------
     0 | D:1      | EnegeticOcto the Mummy Chaos Knight began the quest for the
                  | Orb.
     0 | D:1      | Reached XP level 1. HP: 18/18 MP: 1/1
    36 | D:1      | XOM: potion effect (stabbing)
   144 | D:1      | XOM: silly message
   247 | D:1      | XOM: divination: detect creatures
   249 | D:1      | Reached XP level 2. HP: 23/24 MP: 2/2
  1104 | D:2      | XOM: harmless Conj miscast
  1160 | D:2      | Reached skill level 4 in Fighting
  1160 | D:2      | Reached XP level 3. HP: 30/30 MP: 3/3
  1186 | D:2      | Reached skill level 1 in Short Blades
  1207 | D:2      | XOM: harmless Fire miscast
  1340 | D:2      | Found an ancient bone altar of Kikubaaqudgha.
  1485 | D:1      | Slain by a gnoll

Levels and vault maps discovered:
D:1:      dpeg_arrival_simpleton_b, layout_loops_ring,
          chequers_serial_rivers_micro_e, palyth_stone_intersect
D:2:      layout_basic, nicolae_overflow_hidden_temple, first_ration,
          minmay_hexomino_c4

Skill      XL: |  1  2  3 |
---------------+----------+-----
Fighting       | 4 |  4.0
Short Blades   | 1 |  1.0
Polearms       | |  2.4
Armour         | |  1.5
Dodging        | |  0.7

Action                   || total
-------------------------++-------
Melee: Spear             ||    35
       Short sword       ||    98
Armor: Leather armour    ||    45
Dodge: Dodged            ||    67

Table legend:
 A = Non-vault XP
 B = Vault XP
 C = Vault XP percentage of total XP
 D = Non-vault monster count
 E = Vault monster count
 F = Vault count percentage of total count
                 A         B        C        D         E       F
            +---------+---------+-------+---------+---------+-------
      Total |      55 |       0 |   0.0 |      29 |       0 |   0.0
            +---------+---------+-------+---------+---------+-------
        D:1 |      35 |       0 |   0.0 |      20 |       0 |   0.0
        D:2 |      20 |       0 |   0.0 |       9 |       0 |   0.0
            +---------+---------+-------+---------+---------+-------
